BSA
GREENVILLE 84S @ SPRINGFIELD STARS
07/02/2029
 
TOP OF THE 1ST
Greenville 84s batting - Pitching for Springfield Stars : RHP John Drake
Pitching: RHP John Drake
Batting: RHB Carlos Torres 0-0: Ball
1-0: Ball
2-0: SINGLE (Groundball, 34D)
Batting: LHB Paco Rosas 0-0: Swinging Strike
0-1: Foul Ball, location: 2F
0-2: Ball
1-2: Ground out 3-1 (Groundball, 34S)
Carlos Torres to second
Batting: RHB Enzo Díaz 0-0: SINGLE (Flyball, 7LS)
Carlos Torres to third
Runner from 3rd tries for Home, SAFE, no throw
Batting: LHB Brock Larsen 0-0: Called Strike
0-1: Ball
1-1: Ball
2-1: Ball
3-1: Fly out, F9 (Flyball, 89M)
Batting: LHB Juan Cortés 0-0: Ball
1-0: Foul Ball, location: 2F
1-1: Ball
2-1: SINGLE (Line Drive, 7S)
Enzo Díaz to second
Batting: LHB Jimmy Vickers 0-0: Ball
1-0: Called Strike
1-1: Swinging Strike
1-2: Foul Ball, location: 2F
1-2: Ball
2-2: Ball
3-2: Base on Balls
Enzo Díaz to third
Juan Cortés to second
Batting: RHB Robert Buckley 0-0: Ball
1-0: Swinging Strike
1-1: Foul Ball, location: 2F
1-2: Fly out, F3 (Popup, 34S)
Top of the 1st over - 1 run, 3 hits, 0 errors, 3 left on base; Greenville 1 - Springfield 0
BOTTOM OF THE 1ST
Springfield Stars batting - Pitching for Greenville 84s : LHP Ed Stevens
Pitching: LHP Ed Stevens
Batting: RHB Gabriel Erwin 0-0: Ball
1-0: Ball
2-0: Ground out 6-3 (Groundball, 6)
Batting: RHB Calvin Bennett 0-0: Called Strike
0-1: Ball
1-1: Ball
2-1: Ball
3-1: Called Strike
3-2: Foul Ball, location: 2F
3-2: Fly out, F9 (Flyball, 9LS)
Batting: LHB Derek Davidson 0-0: Foul Ball, location: 2F
0-1: Swinging Strike
0-2: Fly out, F4 (Line Drive, 4M)
Bottom of the 1st over - 0 runs, 0 hits, 0 errors, 0 left on base; Greenville 1 - Springfield 0
TOP OF THE 2ND
Greenville 84s batting - Pitching for Springfield Stars : RHP John Drake
Batting: LHB Robert Moore 0-0: SOLO HOME RUN (Flyball, 9LD), Distance : 320 ft
Batting: RHB Casey Fox 0-0: Called Strike
0-1: Foul Ball, location: 2F
0-2: Ball
1-2: Strikes out swinging
Batting: RHB Carlos Torres 0-0: Called Strike
0-1: Foul Ball, location: 2F
0-2: Hit by Pitch
Batting: LHB Paco Rosas 0-0: Ball
1-0: Foul Ball, location: 2F
1-1: Foul Ball, location: 2F
1-2: Ball
2-2: Grounds into double play, 3-6-1 (Groundball, 3)
Top of the 2nd over - 1 run, 1 hit, 0 errors, 0 left on base; Greenville 2 - Springfield 0
BOTTOM OF THE 2ND
Springfield Stars batting - Pitching for Greenville 84s : LHP Ed Stevens
Batting: LHB Felipe Guerrero 0-0: Swinging Strike
0-1: Ball
1-1: Foul Ball, location: 2F
1-2: Ball
2-2: Fly out, F3 (Popup, 23F)
Batting: RHB Juan Carlos Rodríguez 0-0: Called Strike
0-1: Ball
1-1: Ball
2-1: Ball
3-1: Swinging Strike
3-2: Base on Balls
Batting: SHB António De La Cruz 0-0: Foul Ball, location: 2F
0-1: SINGLE (Flyball, 78S)
Juan Carlos Rodríguez to second
Batting: LHB Mike Pearson 0-0: Called Strike
0-1: Ball
1-1: 3-RUN HOME RUN (Flyball, 9D), Distance : 413 ft
Batting: RHB Dave Henderson 0-0: Fly out, F8 (Flyball, 8LS)
Batting: SHB Wayne Matthews 0-0: Ball
1-0: Called Strike
1-1: Ball
2-1: Called Strike
2-2: Strikes out swinging
Bottom of the 2nd over - 3 runs, 2 hits, 0 errors, 0 left on base; Greenville 2 - Springfield 3
TOP OF THE 3RD
Greenville 84s batting - Pitching for Springfield Stars : RHP John Drake
Batting: RHB Enzo Díaz 0-0: Swinging Strike
0-1: Ball
1-1: Ball
2-1: Fly out, F4 (Popup, 34D)
Batting: LHB Brock Larsen 0-0: Foul Ball, location: 2F
0-1: Ball
1-1: Ball
2-1: Ball
3-1: Foul Ball, location: 2F
3-2: Base on Balls
Batting: LHB Juan Cortés 0-0: Ball
1-0: Ball
2-0: Called Strike
2-1: Foul Ball, location: 2F
2-2: DOUBLE (Flyball, 8RXD)
Brock Larsen to third
Batting: LHB Jimmy Vickers 0-0: Ball
1-0: Ball
2-0: Swinging Strike
2-1: Foul Ball, location: 2F
2-2: Foul Ball, location: 2F
2-2: Foul Ball, location: 2F
2-2: DOUBLE (Flyball, 8LXD)
Brock Larsen scores
Juan Cortés scores
Batting: RHB Robert Buckley 0-0: Ball
1-0: Called Strike
1-1: Ball
2-1: SINGLE (Line Drive, 34D)
Jimmy Vickers to third
Batting: LHB Robert Moore 0-0: Ball
1-0: Ball
2-0: Foul Ball, location: 2F
2-1: Foul Ball, location: 2F
2-2: Strikes out looking
Batting: RHB Casey Fox 0-0: Ball
1-0: Ball
2-0: Fielders Choice at 2nd, 6-4 (Groundball, 6)
Top of the 3rd over - 2 runs, 3 hits, 0 errors, 2 left on base; Greenville 4 - Springfield 3
BOTTOM OF THE 3RD
Springfield Stars batting - Pitching for Greenville 84s : LHP Ed Stevens
Batting: RHB Gabriel Erwin 0-0: Ball
1-0: Ball
2-0: Called Strike
2-1: Ground out 5-3 (Groundball, 56)
Batting: RHB Calvin Bennett 0-0: Called Strike
0-1: Ball
1-1: Ball
2-1: Called Strike
2-2: Ball
3-2: Fly out, F8 (Flyball, 78XD)
Batting: LHB Derek Davidson 0-0: Ball
1-0: Foul Ball, location: 2F
1-1: Foul Ball, location: 2F
1-2: Foul Ball, location: 2F
1-2: Ball
2-2: Ground out 4-3 (Groundball, 4)
Bottom of the 3rd over - 0 runs, 0 hits, 0 errors, 0 left on base; Greenville 4 - Springfield 3
TOP OF THE 4TH
Greenville 84s batting - Pitching for Springfield Stars : RHP John Drake
Batting: RHB Carlos Torres 0-0: Ball
1-0: Swinging Strike
1-1: Foul Ball, location: 2F
1-2: SOLO HOME RUN (Flyball, 89XD), Distance : 405 ft
Batting: LHB Paco Rosas 0-0: Ball
1-0: Ball
2-0: Called Strike
2-1: DOUBLE (Line Drive, 9LM)
Pitching: LHP Frank Jackson
Batting: RHB Enzo Díaz 0-0: Called Strike
0-1: Ground out 5-3 (Groundball, 56S)
Paco Rosas to third
Batting: LHB Brock Larsen 0-0: Ball
1-0: Fly out, F8 (Flyball, 89XD)
Runner from 3rd tags up, SCORES, no throw
Batting: LHB Juan Cortés 0-0: Ball
1-0: Ball
2-0: Foul Ball, location: 2F
2-1: Ground out 6-3 (Groundball, 6MS)
Top of the 4th over - 2 runs, 2 hits, 0 errors, 0 left on base; Greenville 6 - Springfield 3
BOTTOM OF THE 4TH
Springfield Stars batting - Pitching for Greenville 84s : LHP Ed Stevens
Batting: LHB Felipe Guerrero 0-0: Ball
1-0: SINGLE (Line Drive, 8LS)
Batting: RHB Juan Carlos Rodríguez 0-0: Ball
1-0: Ball
2-0: Ball
3-0: Grounds into double play, 5-4-3 (Groundball, 56)
Batting: SHB António De La Cruz 0-0: Called Strike
0-1: Ball
1-1: Ball
2-1: Ball
3-1: SINGLE (Flyball, 7LM)
Batting: LHB Mike Pearson 0-0: Called Strike
0-1: Fly out, F7 (Flyball, 7)
Bottom of the 4th over - 0 runs, 2 hits, 0 errors, 1 left on base; Greenville 6 - Springfield 3
TOP OF THE 5TH
Greenville 84s batting - Pitching for Springfield Stars : LHP Frank Jackson
Batting: LHB Jimmy Vickers 0-0: Ball
1-0: Foul Ball, location: 2F
1-1: Reached on error, E4 (Groundball, 4D)
Batting: RHB Robert Buckley 0-0: Called Strike
0-1: Foul Ball, location: 2F
0-2: Fly out, F6 (Line Drive, 6)
Batting: LHB Robert Moore 0-0: Ball
1-0: Called Strike
1-1: Ball
2-1: Fielders Choice at 2nd, 4-6 (Groundball, 4M)
Batting: RHB Casey Fox 0-0: Called Strike
0-1: Foul Ball, location: 2F
0-2: Foul Ball, location: 2F
0-2: Ball
Robert Moore is caught stealing 2nd base
Top of the 5th over - 0 runs, 0 hits, 1 error, 0 left on base; Greenville 6 - Springfield 3
BOTTOM OF THE 5TH
Springfield Stars batting - Pitching for Greenville 84s : LHP Ed Stevens
Batting: RHB Dave Henderson 0-0: Called Strike
0-1: Fly out, F7 (Flyball, 7S)
Batting: SHB Wayne Matthews 0-0: Ball
1-0: Ball
2-0: Ball
3-0: Base on Balls
Batting: RHB Gabriel Erwin 0-0: Ball
Wild Pitch!
Wayne Matthews to second
1-0: Called Strike
1-1: Called Strike
1-2: Foul Ball, location: 2F
1-2: Fly out, F7 (Line Drive, 7S)
Batting: RHB Calvin Bennett 0-0: Called Strike
0-1: Ball
1-1: Foul Ball, location: 2F
1-2: SINGLE (Groundball, 34D)
Wayne Matthews to third
Runner from 3rd tries for Home, SAFE, no throw
Batting: LHB Derek Davidson 0-0: Ball
1-0: Fielders Choice at 2nd, 5-4 (Groundball, 5)
Bottom of the 5th over - 1 run, 1 hit, 0 errors, 1 left on base; Greenville 6 - Springfield 4
TOP OF THE 6TH
Greenville 84s batting - Pitching for Springfield Stars : LHP Frank Jackson
Batting: RHB Casey Fox 0-0: Ball
1-0: Ball
2-0: Foul Ball, location: 2F
2-1: Foul Ball, location: 2F
2-2: Foul Ball, location: 2F
2-2: Fly out, F7 (Line Drive, 78M)
Batting: RHB Carlos Torres 0-0: Called Strike
0-1: Swinging Strike
0-2: Foul Ball, location: 2F
0-2: Ball
1-2: Foul Ball, location: 2F
1-2: Fly out, F8 (Flyball, 8RD)
Batting: LHB Paco Rosas 0-0: Foul Ball, location: 2F
0-1: Ball
1-1: SINGLE (Groundball, 15) (infield hit)
Batting: RHB Enzo Díaz 0-0: DOUBLE (Flyball, 8LXD)
Paco Rosas to third
Runner from 3rd tries for Home, SAFE, no throw
Batting: LHB Brock Larsen 0-0: Ball
1-0: Foul Ball, location: 2F
1-1: Swinging Strike
1-2: Strikes out looking
Top of the 6th over - 1 run, 2 hits, 0 errors, 1 left on base; Greenville 7 - Springfield 4
BOTTOM OF THE 6TH
Springfield Stars batting - Pitching for Greenville 84s : LHP Ed Stevens
Batting: LHB Felipe Guerrero 0-0: Called Strike
0-1: Called Strike
0-2: Strikes out swinging
Batting: RHB Juan Carlos Rodríguez 0-0: Called Strike
0-1: Ball
1-1: Ball
2-1: Foul Ball, location: 2F
2-2: Fly out, F6 (Popup, 4M)
Batting: SHB António De La Cruz 0-0: Called Strike
0-1: Ball
1-1: Foul Ball, location: 2F
1-2: Fly out, F4 (Flyball, 34D)
Bottom of the 6th over - 0 runs, 0 hits, 0 errors, 0 left on base; Greenville 7 - Springfield 4
TOP OF THE 7TH
Greenville 84s batting - Pitching for Springfield Stars : LHP Frank Jackson
Batting: LHB Juan Cortés 0-0: Fly out, F7 (Flyball, 7LS)
Batting: LHB Jimmy Vickers 0-0: Ball
1-0: Ball
2-0: Fly out, F7 (Flyball, 7S)
Batting: RHB Robert Buckley 0-0: Ball
1-0: Swinging Strike
1-1: Fly out, F4 (Popup, 3S)
Top of the 7th over - 0 runs, 0 hits, 0 errors, 0 left on base; Greenville 7 - Springfield 4
BOTTOM OF THE 7TH
Springfield Stars batting - Pitching for Greenville 84s : LHP Ed Stevens
Pitching: RHP David Bishop
Batting: LHB Mike Pearson 0-0: Called Strike
0-1: Ground out 5-3 (Groundball, 56S)
Batting: RHB Dave Henderson 0-0: Ball
1-0: Ball
2-0: Ground out 6-3 (Groundball, 6)
Batting: SHB Wayne Matthews 0-0: Ball
1-0: Ground out 3-1 (Groundball, 34)
Bottom of the 7th over - 0 runs, 0 hits, 0 errors, 0 left on base; Greenville 7 - Springfield 4
TOP OF THE 8TH
Greenville 84s batting - Pitching for Springfield Stars : LHP Frank Jackson
Pitching: RHP José Valdéz
Batting: LHB Robert Moore 0-0: Ball
1-0: Foul Ball, location: 2F
1-1: Called Strike
1-2: Ball
2-2: Fly out, F8 (Flyball, 8RXD)
Batting: RHB Casey Fox 0-0: Ball
1-0: Called Strike
1-1: Foul Ball, location: 2F
1-2: Foul Ball, location: 2F
1-2: Ground out 6-3 (Groundball, 6)
Batting: RHB Carlos Torres 0-0: Swinging Strike
0-1: DOUBLE (Flyball, 8RXD)
Batting: LHB Paco Rosas 0-0: Ball
1-0: Foul Ball, location: 2F
1-1: Called Strike
1-2: Ball
2-2: Ball
3-2: Base on Balls
Batting: RHB Enzo Díaz 0-0: Foul Ball, location: 2F
0-1: Ball
1-1: Foul Ball, location: 2F
1-2: Ball
2-2: Fly out, F9 (Flyball, 89S)
Top of the 8th over - 0 runs, 1 hit, 0 errors, 2 left on base; Greenville 7 - Springfield 4
BOTTOM OF THE 8TH
Springfield Stars batting - Pitching for Greenville 84s : RHP David Bishop
Batting: RHB Gabriel Erwin 0-0: Bunted foul
0-1: Ball
1-1: Called Strike
1-2: Ball
2-2: Ground out 5-3 (Groundball, 5L)
Batting: RHB Calvin Bennett 0-0: Foul Ball, location: 2F
0-1: Ball
1-1: Ball
2-1: Foul Ball, location: 2F
2-2: Ball
3-2: Foul Ball, location: 2F
3-2: Reached on error, E5 (Groundball, 56S)
Pitching: LHP Sam Kettley
Batting: LHB Derek Davidson 0-0: Ball
1-0: Foul Ball, location: 2F
1-1: Ball
2-1: Swinging Strike
2-2: Strikes out swinging passed ball, reaches first!
Calvin Bennett to third
Batting: LHB Felipe Guerrero 0-0: Foul Ball, location: 2F
0-1: Ball
Passed Ball!
Calvin Bennett scores
Derek Davidson to second
1-1: Fly out, F4 (Flyball, 34D)
Pitching: LHP Júlio Gracía
Batting: RHB Juan Carlos Rodríguez 0-0: Foul Ball, location: 2F
0-1: Swinging Strike
0-2: Foul Ball, location: 2F
0-2: Hit by Pitch
Batting: SHB António De La Cruz 0-0: Ball
1-0: Ground out 4-3 (Groundball, 4)
Bottom of the 8th over - 1 run, 0 hits, 1 error, 2 left on base; Greenville 7 - Springfield 5
TOP OF THE 9TH
Greenville 84s batting - Pitching for Springfield Stars : RHP José Valdéz
Batting: LHB Brock Larsen 0-0: Foul Ball, location: 2F
0-1: Ball
1-1: Ball
2-1: Swinging Strike
2-2: Fly out, F8 (Flyball, 78D)
Pitching: RHP Luis Cortéz
Batting: LHB Juan Cortés 0-0: Called Strike
0-1: Ball
1-1: SINGLE (Groundball, 34D)
Batting: LHB Jimmy Vickers 0-0: Ball
1-0: Fly out, F8 (Flyball, 8LS)
Batting: RHB Robert Buckley 0-0: Called Strike
0-1: Ball
1-1: Swinging Strike
1-2: Ball
2-2: Strikes out swinging
Top of the 9th over - 0 runs, 1 hit, 0 errors, 1 left on base; Greenville 7 - Springfield 5
BOTTOM OF THE 9TH
Springfield Stars batting - Pitching for Greenville 84s : LHP Júlio Gracía
Batting: LHB Mike Pearson 0-0: Called Strike
0-1: Reached via error on a dropped throw, E3
Pinch Hitting: RHB Norberto Taváres 0-0: Ball
1-0: Swinging Strike
1-1: Ball
2-1: Foul Ball, location: 2F
2-2: Foul Ball, location: 2F
2-2: Ball
3-2: SINGLE (Line Drive, 8RS)
Mike Pearson to second
Batting: SHB Wayne Matthews 0-0: Ball
1-0: Called Strike
1-1: Ball
2-1: Called Strike
2-2: Strikes out swinging
Batting: RHB Gabriel Erwin 0-0: Called Strike
0-1: Grounds into double play, 6-4-3 (Groundball, 6)
Bottom of the 9th over - 0 runs, 1 hit, 1 error, 1 left on base; Greenville 7 - Springfield 5
Saturday, December 16th, 2017 - OOTP Baseball 18.8 Build 76